details: 'Gore.Devil drop hack attempt GG NORE [Quality]'

« prev index next »

General information

Mini Map

Players

team 1
Random» UndeadGore.Devil (orange | 37 APM | 41 actions | 01:06)

» actions
Assign group hotkey2
Build / train2
Enter build submenu3
Right click12
Select / deselect15
Use ability7
41 total
» units
Acolyte2
2 total
» buildings
Ziggurat1
Crypt1
Altar of Darkness1
3 total
» build order
00:25 Ziggurat
00:29 Crypt
00:40 Altar of Darkness
Random» OrcPyro24 (red | 19 APM | 21 actions | 01:06)

» actions
Build / train3
Enter build submenu2
Right click7
Select / deselect7
Use ability2
21 total
» units
Peon3
3 total
» buildings
Orc Burrow1
Altar of Storms1
2 total
» build order
00:32 Orc Burrow
00:40 Altar of Storms
Random» NightElfmagnumdongman (pink | 34 APM | 35 actions | 01:01)

» actions
Build / train8
Enter build submenu2
Right click11
Select / deselect12
Use ability2
35 total
» units
Wisp4
Peon4
8 total
» buildings
Altar of Elders1
Moon Well1
2 total
» build order
00:28 Altar of Elders
00:47 Moon Well
Orcthry0701 (teal | 0 APM | 0 actions | 01:08)
team 2
Humanmtldemolition (blue | 20 APM | 22 actions | 01:06)

» actions
Build / train4
Enter build submenu2
Right click7
Select / deselect6
Use ability3
22 total
» units
Peasant4
4 total
» buildings
Farm1
Altar of Kings1
2 total
» build order
00:15 Farm
00:22 Altar of Kings
Undeadgila14 (yellow | 22 APM | 24 actions | 01:06)

» actions
Basic commands1
Build / train2
Enter build submenu4
Right click4
Select / deselect10
Use ability3
24 total
» units
Acolyte2
2 total
» buildings
Graveyard1
Crypt1
Ziggurat1
3 total
» build order
00:17 Graveyard
00:22 Crypt
00:43 Ziggurat
Random» UndeadSaItito (green | 26 APM | 30 actions | 01:08)

» actions
Build / train3
Enter build submenu1
Right click17
Select / deselect8
Use ability1
30 total
» units
Acolyte3
3 total
» buildings
Crypt1
1 total
» build order
00:35 Crypt
UndeadBDuBs5 (purple | 19 APM | 19 actions | 01:01)

» actions
Build / train2
Enter build submenu3
Right click4
Select / deselect7
Use ability3
19 total
» units
Acolyte2
2 total
» buildings
Ziggurat1
Altar of Darkness1
Crypt1
3 total
» build order
00:14 Ziggurat
00:18 Altar of Darkness
00:42 Crypt

Chat log

(00:09 / All) BDuBs5: longest wait ever
(00:10 / All) SaItito: hi
(00:14 / All) SaItito: devil uses zmap
(00:17 / All) SaItito: LOL
(00:21 / All) SaItito: gg nigger
(00:25 / All) SaItito: he maphacks
(00:29 / Allies) BDuBs5: im massing ghouls
(00:37 / All) SaItito: nigger fuck you devil
(00:45 / All) SaItito: i was gona backstab this game
(00:47 / All) SaItito: but you mfeak
(00:52 / All) SaItito: gg cd key
(00:57 / All) BDuBs5: wtf
(01:01 / All) SaItito: gg IP address
(01:06 / All) SaItito: honestly
(01:06 / All) SaItito: i got your info and shit